 Dungeon Crawl Stone Soup version 0.31.0-1-g2c135a0 (webtiles) character file.

Game seed: 6316107343048128306

4841 geeeeen the Sneak (level 10, -9/61 HPs)
             Began as an Octopode Shapeshifter on Mar 22, 2024.
             Was a Follower of Hepliaklqana.
             Mangled by a hornet simulacrum (14 damage)
             ... on level 9 of the Dungeon.
             The game lasted 00:17:12 (8865 turns).

geeeeen the Sneak (Octopode Shapeshifter)           Turns: 8865, Time: 00:17:13

Health: -9/61      AC:  5    Str: 21      XL:     10   Next: 49%
Magic:  10/10      EV: 18    Int: 17      God:    Hepliaklqana [*.....]
Gold:   281        SH:  0    Dex:  9 (13) Spells: 5/9 levels left

rFire   . .          .
                       - Unarmed
rCold   . . .        (shield currently unavailable)
rNeg    + + .        (helmet restricted)
rPois   .            (no amulet)
rElec   .            C - +6 ring of strength
rCorr   .            F - ring of positive energy
SInv    .            H - ring of Hibboyro {AC+4 Int+3}
Will    .....        I - ring of positive energy
Stlth   ++           (no ring)
HPRegen 0.30/turn    (no ring)
MPRegen 0.12/turn    (no ring)
                     (no ring)

%: no passive effects
@: flux-form, glowing
A: glow, contaminating, reduced essence, almost no armour, amphibious, 8 rings,
camouflage 1, gelatinous body 1, (nimble swimmer 1), tentacles
a: Begin Untransformation, Renounce Religion, Recall Ancestor, Ancestor Identity


You were on level 9 of the Dungeon.
You worshipped Hepliaklqana.
Hepliaklqana was aware of your devotion.
You were something dangerously unstable.
You visited 2 branches of the dungeon, and saw 10 of its levels.

You collected 449 gold pieces.
You spent 168 gold pieces at shops.

Inventory:

Hand Weapons
 g - a +4 dagger
 t - a +2 vampiric hand axe
 v - the +7 staff of the Meek {protect, meekguard}
   (You found it on level 3 of the Dungeon)
Missiles
 i - 12 poisoned darts (quivered)
 o - 7 javelins
Jewellery
 p - a ring of fire
 C - a +6 ring of strength (left tentacle)
 F - a ring of positive energy (right tentacle)
 H - the ring of Hibboyro (on tentacle) {AC+4 Int+3}
   (You acquired it on level 6 of the Dungeon)

   [ring of protection]

   AC+4:      It affects your AC (+4).
   Int+3:     It affects your intelligence (+3).
 I - a ring of positive energy (on tentacle)
Talismans
 b - a beast talisman
 c - a flux talisman (active)
Wands
 B - a wand of charming (8)
 K - a wand of mindburst (10)
Scrolls
 e - a scroll of fear
 h - 11 scrolls of teleportation
 k - a scroll of enchant armour
 q - 2 scrolls of fog
 x - a scroll of acquirement
 y - a scroll of amnesia
 z - a scroll of noise
 A - a scroll of poison {unknown}
 J - a scroll of immolation {unknown}
Potions
 a - 4 potions of lignification
 d - 2 potions of berserk rage
 f - 2 potions of attraction
 j - 3 potions of brilliance
 l - 3 potions of mutation {unknown}
 m - 3 potions of degeneration {unknown}
 n - 2 potions of magic
 r - 2 potions of resistance
 s - 3 potions of cancellation {unknown}
 u - 2 potions of heal wounds {unknown}
 w - 3 potions of might {unknown}
 D - a potion of invisibility
 E - a potion of enlightenment
 G - 2 potions of curing


   Skills:
 + Level 5.7 Fighting
 + Level 6.1 Dodging
 + Level 7.9 Stealth
 + Level 6.5 Unarmed Combat
 + Level 4.6 Necromancy
 + Level 3.6 Evocations
 * Level 7.8 Shapeshifting


You had 5 spell levels left.
You knew the following spells:

 Your Spells              Type           Power      Damage    Failure   Level
a - Necrotise             Necr           60%        1d7       3%          1
b - Vampiric Draining     Necr           15%        2d7       11%         3

Your spell library contained the following spells:

 Spells                   Type           Power      Damage    Failure   Level
 Sublimation of Blood     Necr           15%        N/A       5%          2
 Fugue of the Fallen      Necr           15%        N/A       11%         3
 Cigotuvi's Dreadful Rot  Necr/Alch/Air  10%        N/A       19%         2
 Slow                     Hex            0%         N/A       24%         1
 Scorch                   Fire           0%         2d5       34%         2
 Confusing Touch          Hex            0%         N/A       56%         3
 Inner Flame              Hex/Fire       0%         N/A       56%         3
 Ozocubu's Armour         Ice            0%         N/A       56%         3
 Sigil of Binding         Hex            0%         N/A       56%         3
 Anguish                  Hex/Necr       3%         N/A       67%         4
 Martyr's Knell           Necr/Summ      7%         N/A       67%         4
 Curse of Agony           Necr           15%        N/A       69%         5
 Flame Wave               Conj/Fire      0%         2d4       93%         4
 Sticky Flame             Fire/Alch      0%         2d4       93%         4
 Metabolic Englaciation   Hex/Ice        0%         N/A       100%        5
 Death Channel            Necr           7%         N/A       99%         6
 Sculpt Simulacrum        Ice/Alch       0%         N/A       100%        6
 Summon Cactus Giant      Summ           0%         N/A       100%        6


Dungeon Overview and Level Annotations

Branches:
Dungeon (9/15)             Temple (1/1) D:7
   Lair: D:8-11         Orc: D:9-12

Altars:
Ashenzari
Cheibriados
Dithmenos
Elyvilon
Fedhas
Gozag
Hepliaklqana
Kikubaaqudgha
Makhleb
Nemelex Xobeh
Okawaru
Qazlal
Ru
Sif Muna
Trog
Uskayaw
Vehumet
Wu Jian
Xom
Yredelemnul
Zin
The Shining One

Shops:
D:2 [   D:3 ?   D:4 *   D:5 =   D:8 (*


Innate Abilities, Weirdness & Mutations

You are something dangerously unstable.
You glow with magical radiation, making you easy to see and hit.
Foes you strike become dangerously contaminated with magical radiation.
You are incapable of wielding weapons or throwing items.
Your life essence is reduced to manifest your ancestor. (-10% HP)
You cannot wear most types of armour.
You are amphibious.
You can wear up to eight rings at the same time.
Your skin changes colour to match your surroundings (Stealth+).
Your rubbery body absorbs attacks. (AC +1, EV +1)
((You are camouflaged when in or above water. (Stealth+)))
You have tentacles for arms and can constrict up to eight enemies at once.


Message History

You tentacle-slap the polar bear.
The polar bear begins to glow.
The polar bear is moderately wounded.
Tawil hits the polar bear but does no damage.
The polar bear closely misses you. The polar bear claws you.
* * * LOW HITPOINT WARNING * * *
The polar bear closely misses you.
Unknown command.
You tentacle-slap the polar bear but do no damage.
The polar bear glows dangerously bright.
You squeeze the polar bear.
The polar bear is moderately wounded.
Tawil hits the polar bear.
The polar bear bites you but does no damage.
The polar bear misses you. The polar bear closely misses you.
You tentacle-slap the polar bear but do no damage.
The polar bear shudders as magic cascades through it!!
The polar bear twists and deforms.
The polar bear is almost dead.
Tawil hits the polar bear.
The polar bear misses Tawil.
The polar bear claws Tawil. x2
Unknown command.
You barely miss the polar bear.
The polar bear is almost dead.
Tawil hits the polar bear!
The polar bear dies!
Unknown command.
You bludgeon the orc!
You kill the orc!
Tawil barely misses the hornet simulacrum.
You tentacle-slap the hornet simulacrum.
The hornet simulacrum begins to glow.
Your grab misses the hornet simulacrum. You squeeze the hornet simulacrum.
The hornet simulacrum is heavily damaged.
The hornet simulacrum misses you.
You barely miss the hornet simulacrum. You grab the hornet simulacrum.
The hornet simulacrum is heavily damaged.
You constrict the hornet simulacrum. The hornet simulacrum hits you!
* * * LOW HITPOINT WARNING * * *
The hornet simulacrum freezes you!
You die...

....... #### ....~..
..######## ...~~~~
### ###........#
..~~~~~ ...
..........+ .?~~~~~
.. #.#.......#
.~≈~~~~
#.#<#.......##)..~~~.
#......)....RZZ......
#.###.......p#.......
#.......####.###.###.
#####.#......# #
#...###..# ###.# #..#
... ..... ##########.
.# .


You could see the friendly Tawil the ancestor, a hornet simulacrum (contam, ally
target) and an orc wizard simulacrum.

Vanquished Creatures
  Grinder (D:3)
  A yak (D:9)
  A steam dragon (D:8)
  3 water moccasins
  Duvessa (D:7)
  An orc warrior (D:7)
  A black bear (D:6)
  4 centaurs (D:7)
  An ogre (D:6)
  A wolf (D:9)
  7 bullfrogs
  A gnoll sergeant (D:6)
  9 scorpions
  6 wights
  Dowan (D:7)
  2 howler monkeys
  3 bombardier beetles (D:5)
  9 crimson imps (D:6)
  A bullfrog zombie (D:8)
  4 hounds
  5 jellies
  Crazy Yiuf (D:6)
  6 orc priests
  An iguana (D:4)
  6 sleepcaps
  Natasha (twice) (D:2)
  5 orc wizards
  Robin (D:4)
  5 gnolls (D:6)
  12 adders
  2 shadow imps
  2 white imps
  An ufetubus (D:6)
  An orc zombie (D:7)
  5 ribbon worms
  3 dart slugs
  17 orcs
  6 ball pythons
  6 endoplasms
  5 giant cockroaches
  17 goblins
  9 hobgoblins
  9 kobolds
  4 quokkas
  4 bats (D:4)
  2 frilled lizards (D:1)
  4 rats
199 creatures vanquished.

Vanquished Creatures (collateral kills)
  A polar bear (D:9)
  An orc (D:9)
2 creatures vanquished.

Grand Total: 201 creatures vanquished

Notes
Turn   | Place    | Note
-------+----------+-------------------------------------------
     0 | D:1      | geeeeen the Octopode Shapeshifter began the quest for the
                  | Orb.
     0 | D:1      | Reached XP level 1. HP: 13/13 MP: 1/1
   179 | D:1      | Reached XP level 2. HP: 18/18 MP: 2/2
   211 | D:1      | Reached skill level 1 in Stealth
   449 | D:1      | Reached XP level 3. HP: 23/23 MP: 3/3
   500 | D:1      | Found a faded altar of an unknown god.
   520 | D:1      | Prayed at the altar of an unknown god.
   520 | D:1      | Became a worshipper of Kikubaaqudgha
   520 | D:1      | Reached * piety under Kikubaaqudgha
   520 | D:1      | Received a gift from Kikubaaqudgha
   650 | D:2      | Noticed Natasha
   655 | D:2      | Killed Natasha
   656 | D:2      | Reached XP level 4. HP: 21/28 MP: 4/4
   819 | D:2      | Found Daijisi's Antique Armour Shoppe.
   965 | D:2      | Noticed Natasha
   970 | D:2      | Killed Natasha
  1295 | D:3      | Reached XP level 5. HP: 34/34 MP: 5/5
  1444 | D:3      | Noticed Grinder
  1478 | D:3      | Killed Grinder
  1479 | D:3      | Reached XP level 6. HP: 27/41 MP: 6/6
  1539 | D:3      | Learned a level 1 spell: Necrotise
  1559 | D:3      | Reached ** piety under Kikubaaqudgha
  1652 | D:3      | Found Leubeune's Magic Scroll Emporium.
  1657 | D:3      | Bought a scroll of teleportation for 30 gold pieces
  2010 | D:3      | Found the +7 staff of the Meek {protect, meekguard}
  2258 | D:4      | Reached XP level 7. HP: 32/45 MP: 7/7
  2357 | D:4      | Found Sifriav's Assorted Antiques.
  2366 | D:4      | Bought a yellow potion for 20 gold pieces
  2366 | D:4      | Bought a glowing clear potion for 20 gold pieces
  2366 | D:4      | Bought a scroll labelled WISMA MYORGH for 23 gold pieces
  2421 | D:4      | Reached skill level 1 in Necromancy
  2638 | D:4      | Noticed Robin
  2816 | D:4      | Killed Robin
  2817 | D:4      | Reached skill level 5 in Shapeshifting
  3244 | D:4      | Learned a level 3 spell: Vampiric Draining
  3481 | D:4      | Reached *** piety under Kikubaaqudgha
  3481 | D:4      | Received a gift from Kikubaaqudgha
  3591 | D:5      | Entered Level 5 of the Dungeon
  3607 | D:5      | Reached XP level 8. HP: 52/52 MP: 8/8
  3905 | D:5      | Reached skill level 5 in Stealth
  3947 | D:5      | Reached skill level 5 in Unarmed Combat
  3991 | D:5      | You fall into a shaft and drop 3 floors!
  4206 | D:8      | Found Plog's Assorted Antiques.
  4219 | D:8      | Bought a lumpy silvery potion for 24 gold pieces
  4219 | D:8      | Bought a scroll labelled ODIGER JOUNU for 27 gold pieces
  4219 | D:8      | Bought a fuming coppery potion for 24 gold pieces
  4470 | D:5      | Found a glowing silver altar of Zin.
  4965 | D:5      | Found Ecsikhei's Jewellery Emporium.
  5061 | D:5      | Identified the +0 cloak of Hedging {Rampage rPois Will+
                  | Int+4}
  5332 | D:5      | Reached XP level 9. HP: 59/59 MP: 9/9
  5536 | D:6      | Identified 2 scrolls of acquirement
  5536 | D:6      | Acquired the ring of Hibboyro {AC+4 Int+3}
  5750 | D:6      | Reached skill level 1 in Evocations
  5772 | D:6      | Reached skill level 5 in Dodging
  5911 | D:6      | Reached **** piety under Kikubaaqudgha
  6483 | D:6      | Reached skill level 5 in Fighting
  6767 | D:6      | Found a runed translucent door.
  6768 | D:6      | Noticed Crazy Yiuf
  6775 | D:6      | Killed Crazy Yiuf
  7090 | D:7      | Noticed Duvessa
  7097 | D:7      | Noticed Dowan
  7100 | D:7      | Killed Duvessa
  7101 | D:7      | Reached XP level 10. HP: 66/66 MP: 10/10
  7104 | D:7      | Killed Dowan
  7338 | D:7      | Found a staircase to the Ecumenical Temple.
  7382 | Temple   | Entered the Ecumenical Temple
  7409 | Temple   | Fell from the grace of Kikubaaqudgha
  7409 | Temple   | Became a worshipper of Hepliaklqana the Forgotten
  8257 | D:8      | Found a stormy altar of Qazlal.
  8257 | D:8      | Found a shimmering blue altar of Sif Muna.
  8259 | D:8      | Found a bloodstained altar of Trog.
  8261 | D:8      | Found a radiant altar of Vehumet.
  8266 | D:8      | Found a sparkling altar of Nemelex Xobeh.
  8321 | D:8      | Found a shadowy altar of Dithmenos.
  8471 | D:8      | Found Katunon's Weapon Boutique.
  8827 | D:9      | Reached * piety under Hepliaklqana
  8865 | D:9      | Mangled by a hornet simulacrum

Illustrated notes

Levels and vault maps discovered:
D:1:      lightli_arrival_flooded_house, layout_basic,
          ebering_ecumenical_altar_mist
D:2:      layout_basic, serial_shops, nicolae_shop_rolling_square, minivault_14,
          chequers_serial_rivers_micro_a, uniq_natasha
D:3:      layout_basic, serial_shops, shop, pf_guarded_unrand_meek, uniq_grinder
D:4:      old_forge, layout_gridville, serial_shops, shop, uniq_robin
D:5:      layout_basic, zin_academy, serial_aquarium,
          aquarium_bridge_long_separate [aquarium_subvault_wall,
          aquarium_subvault_bridge, aquarium_subvault_bridge,
          aquarium_subvault_window, aquarium_subvault_window,
          aquarium_subvault_bridge], aquarium_bridge_square
          [aquarium_subvault_wall, aquarium_subvault_window,
          aquarium_subvault_wall, aquarium_subvault_bridge],
          aquarium_window_fake, aquarium_window_corner, aquarium_window_fake,
          aquarium_window_fake, aquarium_view_4, serial_shops,
          nicolae_shop_advertising_works [nicolae_subvault_shop_adworks],
          serial_bayou_pond_d
D:6:      minmay_chambers_of_threes, layout_loops_cross, minmay_nine_imps,
          uniq_crazy_yiuf_cottage
D:7:      nicolae_whirlpool, layout_loops_ring, minmay_temple_entry_offerings,
          uniq_duvessa
D:8:      layout_loops_ring, grunt_temple_overflow_open,
          mainiacjoe_overflow_brackets, serial_shops, nicolae_shop_peninsula,
          shop
D:9:      layout_basic, serial_ice, serial_ice_k, serial_ice_f, serial_ice_c,
          serial_ice_e, serial_ice_b, serial_ice_m, serial_ice_o, serial_ice_a,
          dk_noncrumbling_3, chequers_serial_rivers_room_a
Temple:   nicolae_temple_superstar

Skill      XL: |  1  2  3  4  5  6  7  8  9 10 |
---------------+-------------------------------+-----
Stealth        | 1 2 3 4 5 7 |  7.9
Fighting       | 2 3 4 5 |  5.7
Dodging        | 3 4 5 6 |  6.1
Unarmed Combat | 4 5 6 |  6.5
Shapeshifting  | 4 5 6 7 |  7.8
Necromancy     | 1 3 4 |  4.6
Evocations     | 2 3 |  3.6

Action                     |  1- 3 |  4- 6 |  7- 9 | 10-12 || total
---------------------------+-------+-------+-------+-------++-------
  Melee: Unarmed           |    49 |    71 |   282 |    95 ||   497
         Constrict         |    13 |    23 |    85 |    22 ||   143
         Tentacles         |     8 |    20 |    79 |    30 ||   137
         Punch             |       |     4 |    14 |     2 ||    20
   Cast: Necrotise         |       |       |     1 |       ||     1
    Use: Scroll            |       |       |    13 |     2 ||    15
   Stab: Sleeping          |     4 |    15 |    11 |     2 ||    32
         Distracted        |       |       |     1 |     2 ||     3
 Armour: Skin              |    16 |    31 |   132 |    73 ||   252
  Dodge: Dodged            |    26 |    23 |   149 |    94 ||   292
   Form: Flux              |       |       |       |     1 ||     1
